 Seeded DCSS version 0.30.1-9-gdf580d7c3d (webtiles) character file.

Game seed: 6351066067085065685 (custom seed)

12 Esekla the Magician (level 2, -3/15 HPs)
             Began as a Deep Elf Wanderer on Oct 10, 2023.
             Was an Initiate of Vehumet.
             Slain by a gnoll
             ... wielding a +0 whip
             ... led by a gnoll bouda
              (5 damage)
             ... on level 4 of the Dungeon.
             The game lasted 00:08:52 (1054 turns).

Esekla the Magician (Deep Elf Wanderer)             Turns: 1054, Time: 00:08:52

Health: -3/15      AC:  4    Str: 11    XL:     2   Next: 20%
Magic:  6/9        EV: 11    Int: 17    God:    Vehumet [......]
Gold:   124        SH:  3    Dex: 11    Spells: 6/10 levels left

rFire   . . .        a - +1 short sword (freeze)
rCold   . . .        d - +0 buckler
rNeg    . . .        c - +0 robe
rPois   .            l - +0 helmet
rElec   .            (no cloak)
rCorr   .            k - +0 pair of gloves
SInv    .            (no boots)
Will    .....        (no amulet)
Stlth   ++           (no ring)
HPRegen 0.22/turn    (no ring)
MPRegen 0.11/turn

%: no passive effects
@: on blink cooldown
A: no striking features
a: Renounce Religion


You were on level 4 of the Dungeon.
You worshipped Vehumet.
Vehumet was noncommittal.
You visited 1 branch of the dungeon, and saw 4 of its levels.

You collected 124 gold pieces.

Inventory:

Hand Weapons
 a - a +1 short sword of freezing (weapon)
Armour
 c - a +0 robe (worn)
 d - a +0 buckler (worn)
 k - a +0 pair of gloves (worn)
 l - a +0 helmet (worn)
Wands
 f - a wand of roots (9)
Scrolls
 g - 2 scrolls of identify {unknown}
 n - a scroll of enchant armour {unknown}
 o - a scroll of amnesia {unknown}
 p - 2 scrolls of enchant weapon {unknown}
Potions
 b - a potion of lignification
 e - a potion of ambrosia {unknown}
 h - a potion of heal wounds {unknown}
 i - a potion of curing {unknown}
 j - a potion of attraction {unknown}
 m - a potion of mutation {unknown}


   Skills:
 + Level 0.6 Short Blades
 * Level 0.7 Dodging
 + Level 1.2 Stealth
 + Level 1.5 Shields
 * Level 4.8 Spellcasting
 * Level 0.7 Necromancy
 + Level 2.2 Translocations
 + Level 1.0 Invocations


You had 6 spell levels left.
You knew the following spells:

 Your Spells              Type           Power      Damage    Failure   Level
a - Magic Dart            Conj           16%        1d3       22%         1
b - Blink                 Tloc           22%        N/A       13%         2
p - Apportation           Tloc           22%        N/A       9%          1

Your spell library contained the following spells:

 Spells                   Type           Power      Damage    Failure   Level
 Lesser Beckoning         Tloc           22%        N/A       13%         2
 Vampiric Draining        Necr           6%         2d6       43%         3
 Ignite Poison            Fire/Tmut/Pois 4%         N/A       54%         3


Dungeon Overview and Level Annotations

Branches:
Dungeon (4/15)
 Temple: D:4-7

Altars:
Okawaru
Vehumet
Zin
The Shining One

Shops:
D:2 =   D:4 (


Message History

A gnoll comes into view. It is wielding a +0 whip.
You open the door.
Found a glowing golden altar of the Shining One.
A gnoll comes into view. It is wielding a +0 club.
A gnoll comes into view. It is wielding a +0 spear.
The gnoll shouts!
The gnoll throws a throwing net.
The throwing net closely misses you.
You see here a throwing net.
A gnoll comes into view. It is wielding a +0 halberd.
You completely miss the gnoll.
A gnoll bouda comes into view. It is wielding a +0 club.
The gnoll hits you with a +0 club.
Casting: Apportation (safe; 9% risk of failure)
Confirm with . or Enter, or press ? or * to list all spells.
You blink.
The gnoll bouda shouts!
The gnoll bouda barks out a call to the hunt!
The gnolls pick up the pace!
You feel stable enough to blink again. The gnoll closely misses you.
The gnoll barely misses you. The gnoll attacks as you move away!
The gnoll hits you but does no damage. You block the gnoll's attack.
The gnoll attacks as you move away! The gnoll closely misses you.
The gnoll bouda barks out a call to the hunt!
The gnoll picks up the pace!
The gnoll hits you from afar with a +0 halberd!
Ouch! That really hurt!
* * * LOW HITPOINT WARNING * * *
Casting: Blink (safe; 13% risk of failure)
Confirm with . or Enter, or press ? or * to list all spells.
You blink.
Okay, then.
Okay, then.
The orc closely misses you. The gnoll misses you.
The gnoll hits you with a +0 whip.
* * * LOW HITPOINT WARNING * * *
The gnoll attacks as you move away! The gnoll hits you with a +0 whip.
You die...

############## #########
###...##.......# #.......#
...............###.......#
.............g...+.......######
.........g..o.gg##............#
..............og@.............#
..............g...............#
........)...............#######
............................#
..............#.............#
........<.(...#.............#
.............##..........#+##
..............#..........#.#
.........####.#............#


You could see a gnoll bouda, 5 gnolls and 2 orcs.

Vanquished Creatures
  A dart slug (D:3)
  An endoplasm (D:3)
  2 goblins (D:3)
  A hobgoblin (D:3)
  2 bats (D:3)
  A frilled lizard (D:3)
  3 kobolds
11 creatures vanquished.

Notes
Turn   | Place    | Note
-------+----------+-------------------------------------------
     0 | D:1      | Esekla the Deep Elf Wanderer began the quest for the Orb.
     0 | D:1      | Esekla set off with the following items: a +0 club, a
                  | potion of lignification, a +0 robe, a +0 buckler; and the
                  | following spells available to memorise: Apportation, Blink,
                  | Lesser Beckoning, Magic Dart, Ignite Poison, Vampiric
                  | Draining.
     0 | D:1      | Reached XP level 1. HP: 10/10 MP: 7/7
     2 | D:1      | Learned a level 1 spell: Magic Dart
     4 | D:1      | Learned a level 1 spell: Apportation
   249 | D:2      | Found Renulab's Jewellery Shop.
   424 | D:4      | Found a radiant altar of Vehumet.
   432 | D:4      | Found an iron altar of Okawaru.
   443 | D:4      | Found a glowing silver altar of Zin.
   523 | D:4      | Became a worshipper of Vehumet
   696 | D:3      | Reached XP level 2. HP: 15/15 MP: 7/9
   699 | D:3      | Learned a level 2 spell: Blink
   791 | D:2      | You fall into a shaft and drop 1 floor!
   908 | D:4      | Found Ponaysk's Antique Weapon Boutique.
  1023 | D:4      | Found a glowing golden altar of the Shining One.
  1054 | D:4      | Slain by a gnoll

Illustrated notes

Levels and vault maps discovered:
D:1:      sevenhm_arrival_forest_fort_small_3, layout_rooms,
          chequers_serial_rivers_room_b, minmay_misc_feat_five
D:2:      layout_loops_ring, dreamdust_ecumenical_altar_angels_and_demons,
          serial_shops, shop
D:3:      layout_basic, grunt_temple_overflow_open, minmay_misc_feat_iff
D:4:      layout_basic, nicolae_overflow_quartered_altars, serial_shops,
          nicolae_diamond_shop

Action                     || total
---------------------------++-------
  Melee: Short sword       ||    20
   Cast: Apportation       ||    17
         Magic Dart        ||    11
         Blink             ||     2
    Use: Scroll            ||     1
 Armour: Robe              ||    12
  Dodge: Dodged            ||    17
  Block: Buckler           ||     6
